Mustangs vs Blackdemons
Created - November 26, 2017 at 09:39
Goals
|
Mustangs |
1 |
1 |
2 |
0 |
4 |
Blackdemons |
0 |
2 |
2 |
1 |
5 |
|
Shots
|
Mustangs |
9 |
17 |
13 |
0 |
39 |
Blackdemons |
7 |
12 |
9 |
1 |
29 |
|
1st period
1. Mustangs , Eric Wellwood 12 (Cameron Gaunce 10, Josh Jooris 12) at 7:18
Penalties :
Blake Pietila (MJM) for Hooking (Minor) at 2:26, Martin Hanzal (MJM) for Holding (Minor) at 10:05
2nd period
2. Blackdemons , Andrew MacDonald 5 (Ales Kotalik 17) at 1:47
3. Blackdemons , Mikko Lehtonen 6 (Sergei Plotnikov 3) at 9:32
4. Mustangs , Jim O'Brien 4 (Denis Bodrov 4, Marcus Foligno 15) at 17:27 (PP)
Penalties :
Andrew Shaw (Ham) for Holding (Minor) at 7:09, Mikko Lehtonen (MJM) for Charging (Minor) at 14:09, Klas Dahlbeck (MJM) for High sticking (Minor) at 16:45
3rd period
5. Mustangs , Marcus Foligno 7 (Andrew Shaw 8, Denis Bodrov 5) at 0:56
6. Blackdemons , Ales Kotalik 10 (Martin Hanzal 13) at 2:15
7. Blackdemons , Martin Hanzal 14 (Ales Kotalik 18, Mathew Dumba 7) at 6:51
8. Mustangs , Riley Sheahan 15 (Eric Wellwood 20, Josh Jooris 13) at 13:01
Penalties :
No Penalty
Overtime #1
9. Blackdemons , Martin Hanzal 15 (Calvin de Haan 5, Matt Hackett) at 1:08
Penalties :
No Penalty
Goalie Stats
Peter Mannino (Ham), 24 saves from 29 shots - (0.828), OTL, 6-7-3, 61:08 minutes
Matt Hackett (MJM), 35 saves from 39 shots - (0.897), W, 9-5-0, 61:08 minutes
Players Stats for Mustangs
Player Name G A P +/- PIM S H SB GA TA FO MP PP MP PK MP
------------------------------------------------------------------------------------
Alexei Marchenko 0 0 0 -1 0 1 2 0 0 0 0/0 13:16 0:00 0:57
Andreas Athanasiou 0 0 0 0 0 0 1 0 0 0 0/0 8:31 0:00 0:43
Andrew Shaw 0 1 1 1 2 1 1 0 1 0 0/0 17:03 2:46 0:00
Brady Skjei 0 0 0 -2 0 0 1 2 0 0 0/0 19:00 2:24 0:00
Cameron Gaunce 0 1 1 1 0 2 2 0 0 3 0/0 28:52 4:15 1:02
Curtis Hamilton 0 0 0 0 0 0 0 0 0 0 1/2 7:32 0:00 0:00
Denis Bodrov 0 2 2 1 0 3 4 0 0 1 0/0 28:52 4:15 1:02
Eric Wellwood 1 1 2 -1 0 6 2 0 0 1 1/2 22:11 3:53 0:32
Francis Paré 0 0 0 0 0 2 1 0 0 0 0/0 7:49 0:00 0:00
Jerome Samson 0 0 0 -1 0 1 0 2 0 0 0/0 13:14 0:13 0:00
Jim O'Brien 1 0 1 0 0 1 2 0 2 0 2/6 16:42 2:46 0:27
Josh Jooris 0 2 2 -2 0 3 3 2 1 0 1/3 21:38 3:40 0:27
Joshua Leivo 0 0 0 -1 0 4 3 0 0 0 0/0 12:25 0:00 0:00
Marcus Foligno 1 1 2 1 0 4 2 0 1 0 1/1 17:53 2:46 1:00
Mark Pysyk 0 0 0 -2 0 2 0 1 0 1 0/0 19:57 2:24 0:57
Rick Schofield 0 0 0 -1 0 8 1 2 0 0 2/5 12:25 0:00 0:00
Riley Sheahan 1 0 1 -1 0 1 1 0 0 0 15/32 22:53 3:53 0:49
Scott Mayfield 0 0 0 -1 0 0 0 0 0 1 0/0 12:19 0:00 0:00
Players Stats for Blackdemons
Player Name G A P +/- PIM S H SB GA TA FO MP PP MP PK MP
------------------------------------------------------------------------------------
Ales Kotalik 1 2 3 2 0 6 0 0 0 0 1/2 20:38 1:02 2:00
Andrew MacDonald 1 0 1 2 0 2 2 0 0 1 0/0 21:41 0:57 4:09
Andy McDonald 0 0 0 0 0 3 1 0 0 0 4/8 18:38 0:57 3:35
Blake Pietila 0 0 0 2 2 0 1 0 0 0 1/3 18:06 1:02 0:07
Branko Radivojevic 0 0 0 0 0 1 2 0 0 0 0/0 17:08 0:57 2:00
Brett Kulak 0 0 0 0 0 0 1 0 0 0 0/0 5:48 0:00 0:00
Calvin de Haan 0 1 1 3 0 1 2 2 2 1 0/0 20:13 1:02 2:30
Charles-Olivier Roussel 0 0 0 1 0 0 0 0 0 0 0/0 9:39 0:00 0:33
Jeffrey Foss 0 0 0 1 0 0 0 0 0 0 0/0 8:37 0:00 0:00
Keaton Ellerby 0 0 0 -2 0 4 3 4 1 0 0/0 25:20 1:02 3:36
Klas Dahlbeck 0 0 0 0 2 0 0 0 0 0 0/0 5:47 0:00 0:00
Kyle Rau 0 0 0 1 0 1 1 0 0 0 2/3 14:03 0:00 1:19
Mackenzie MacEachern 0 0 0 -1 0 1 0 0 1 0 0/1 7:59 0:00 0:00
Martin Hanzal 2 1 3 2 2 2 1 0 1 2 15/26 21:15 1:02 2:35
Mathew Dumba 0 1 1 -1 0 3 0 0 0 0 0/0 25:10 0:57 2:30
Max Friberg 0 0 0 -1 0 0 1 1 0 0 0/0 7:59 0:00 0:00
Mikko Lehtonen 1 0 1 0 2 2 0 2 2 0 0/0 12:58 0:00 0:00
Noel Acciari 0 0 0 1 0 1 4 0 0 0 4/5 15:03 0:57 0:18
Scott Timmins 0 0 0 -1 0 1 0 0 0 0 1/3 7:59 0:00 0:00
Sergei Plotnikov 0 1 1 0 0 1 0 1 0 1 0/0 13:48 0:00 1:24
3 Stars
1 - Martin Hanzal (MJM)
2 - Ales Kotalik (MJM)
3 - Marcus Foligno (Ham)
Power Play
Mustangs - 1 on 4 Attempt(s) - 25.00%
Blackdemons - 0 on 1 Attempt(s) - 0.00%
Penalty Kill
Mustangs - 1 on 1 Attempt(s) - 100.00%
- Score 0 goal in Penalty Kill
Blackdemons - 3 on 4 Attempt(s) - 75.00%
- Score 0 goal in Penalty Kill
Team Stat
Mustangs - Hits : 26 - Faceoff Wins : 23 - Blocked Shots : 9 - Penalty Minutes : 2
Blackdemons - Hits : 19 - Faceoff Wins : 28 - Blocked Shots : 10 - Penalty Minutes : 8
Official
Referees : Morton Dean and Rehman Kyle
Linesman : Brad Kovachik and Andy McElman
Game Notes
No Game Note
Finance
Level 1 -- Attendance: 1401 (70.05%) -- Ticket Income $56,040
Level 2 -- Attendance: 725 (72.50%) -- Ticket Income $14,500
Total Attendance: 2126 (70.87%)
Total Ticket Income: $70,540
Other Income: $3,527
Total Income: $74,067
Mustangs
5 vs 5 Forward
Center Left Wing Right Wing Time % Phy DF OF
1 Riley Sheahan Eric Wellwood Josh Jooris 40 1 2 2
2 Jim O'Brien Marcus Foligno Andrew Shaw 30 1 2 2
3 Rick Schofield Joshua Leivo Jerome Samson 20 1 2 2
4 Andreas Athanasiou Curtis Hamilton Francis Paré 10 1 2 2
5 vs 5 Defense
Defense Defense Time % Phy DF OF
1 Denis Bodrov Cameron Gaunce 40 1 2 2
2 Brady Skjei Mark Pysyk 30 1 2 2
3 Alexei Marchenko Scott Mayfield 20 1 2 2
4 Denis Bodrov Cameron Gaunce 10 1 2 2
PowerPlay Forward
Center Left Wing Right Wing Time % Phy DF OF
1 Riley Sheahan Eric Wellwood Josh Jooris 60 1 2 2
2 Jim O'Brien Marcus Foligno Andrew Shaw 40 1 2 2
PowerPlay Defense
Defense Defense Time % Phy DF OF
1 Denis Bodrov Cameron Gaunce 60 1 2 2
2 Brady Skjei Mark Pysyk 40 1 2 2
Penalty Kill 4 Players Forward
Center Wing Time % Phy DF OF
1 Riley Sheahan Marcus Foligno 60 1 2 2
2 Jim O'Brien Josh Jooris 40 1 2 2
Penalty Kill 4 Players Defense
Defense Defense Time % Phy DF OF
1 Denis Bodrov Cameron Gaunce 60 1 2 2
2 Alexei Marchenko Mark Pysyk 40 1 2 2
Penalty Kill - 3 Players Forward
Forward Time % Phy DF OF
1 Riley Sheahan 60 1 2 2
2 Jim O'Brien 40 1 2 2
Penalty Kill - 3 Players Defense
Defense Defense Time % Phy DF OF
1 Denis Bodrov Cameron Gaunce 60 1 2 2
2 Alexei Marchenko Mark Pysyk 40 1 2 2
4 vs 4 Forward
Center Wing Time % Phy DF OF
1 Riley Sheahan Marcus Foligno 60 1 2 2
2 Jim O'Brien Josh Jooris 40 1 2 2
4 vs 4 Defense
Defense Defense Time % Phy DF OF
1 Denis Bodrov Cameron Gaunce 60 1 2 2
2 Brady Skjei Mark Pysyk 40 1 2 2
Last Minutes Offensive
Center Left Wing Right Wing Defense Defense
Riley Sheahan Marcus Foligno Josh Jooris Denis Bodrov Cameron Gaunce
Last Minutes Defensive
Center Left Wing Right Wing Defense Defense
Riley Sheahan Marcus Foligno Josh Jooris Denis Bodrov Cameron Gaunce
Goaltenders
Starting : Peter Mannino
Backup : Chet Pickard
Extra Forwards
Normal : Riley Sheahan, Andrew Shaw, Jerome Samson - PP : Jerome Samson, Andrew Shaw - PK : Marcus Foligno
Extra Defensemen
Normal : Cameron Gaunce, Alexei Marchenko, Mark Pysyk - PP : Cameron Gaunce - PK : Alexei Marchenko, Denis Bodrov
Penalty Shots
Andreas Athanasiou, Rick Schofield, Andrew Shaw, Marcus Foligno, Josh Jooris
Scratches
Roman Horak (Healthy), Dominik Uher (Healthy), Joe Finley (Healthy), Eric Knodel (Healthy), Matthew Finn (Healthy)
Danny Biega (Healthy), Raphael Bussieres (Healthy), Sam Kurker (Healthy), Max Gortz (Healthy), Riley Nash (Healthy)
Justin Peters (Healthy), Joacim Eriksson (Healthy)
Blackdemons
5 vs 5 Forward
Center Left Wing Right Wing Time % Phy DF OF
1 Martin Hanzal Blake Pietila Ales Kotalik 40 0 1 4
2 Noel Acciari Andy McDonald Branko Radivojevic 32 0 1 4
3 Kyle Rau Sergei Plotnikov Mikko Lehtonen 20 1 2 2
4 Scott Timmins Mackenzie MacEachern Max Friberg 8 1 2 2
5 vs 5 Defense
Defense Defense Time % Phy DF OF
1 Keaton Ellerby Mathew Dumba 45 0 3 2
2 Andrew MacDonald Calvin de Haan 35 0 3 2
3 Jeffrey Foss Charles-Olivier Roussel 12 1 3 1
4 Klas Dahlbeck Brett Kulak 8 1 3 1
PowerPlay Forward
Center Left Wing Right Wing Time % Phy DF OF
1 Martin Hanzal Blake Pietila Ales Kotalik 60 0 1 4
2 Noel Acciari Andy McDonald Branko Radivojevic 40 0 1 4
PowerPlay Defense
Defense Defense Time % Phy DF OF
1 Mathew Dumba Andrew MacDonald 60 1 1 3
2 Keaton Ellerby Calvin de Haan 40 1 1 3
Penalty Kill 4 Players Forward
Center Wing Time % Phy DF OF
1 Andy McDonald Martin Hanzal 60 1 4 0
2 Ales Kotalik Branko Radivojevic 40 1 4 0
Penalty Kill 4 Players Defense
Defense Defense Time % Phy DF OF
1 Keaton Ellerby Andrew MacDonald 60 1 4 0
2 Calvin de Haan Mathew Dumba 40 1 4 0
Penalty Kill - 3 Players Forward
Forward Time % Phy DF OF
1 Andy McDonald 60 1 4 0
2 Martin Hanzal 40 1 4 0
Penalty Kill - 3 Players Defense
Defense Defense Time % Phy DF OF
1 Keaton Ellerby Andrew MacDonald 60 1 4 0
2 Calvin de Haan Jeffrey Foss 40 1 4 0
4 vs 4 Forward
Center Wing Time % Phy DF OF
1 Andy McDonald Martin Hanzal 60 1 2 2
2 Ales Kotalik Mikko Lehtonen 40 1 2 2
4 vs 4 Defense
Defense Defense Time % Phy DF OF
1 Keaton Ellerby Andrew MacDonald 60 1 2 2
2 Calvin de Haan Mathew Dumba 40 1 2 2
Last Minutes Offensive
Center Left Wing Right Wing Defense Defense
Martin Hanzal Andy McDonald Ales Kotalik Keaton Ellerby Andrew MacDonald
Last Minutes Defensive
Center Left Wing Right Wing Defense Defense
Martin Hanzal Andy McDonald Ales Kotalik Keaton Ellerby Andrew MacDonald
Goaltenders
Starting : Matt Hackett
Backup : Alexander Salak
Extra Forwards
Normal : Mikko Lehtonen, Noel Acciari, Kyle Rau - PP : Mikko Lehtonen, Noel Acciari - PK : Kyle Rau
Extra Defensemen
Normal : Mathew Dumba, Charles-Olivier Roussel, Keaton Ellerby - PP : Mathew Dumba - PK : Charles-Olivier Roussel, Calvin de Haan
Penalty Shots
Andy McDonald, Martin Hanzal, Ales Kotalik, Mackenzie MacEachern, Branko Radivojevic
Scratches
Alexandre Grenier (Back Surgery Injury), Dan Bertram (Healthy), Colin Smith (Healthy), Scott Wilson (Healthy), Jyrki Jokipakka (Healthy)
Reece Scarlett (Healthy), Patrice Cormier (Head Injury), Ben Maxwell (Healthy), Nicolas Deschamps (Healthy), Jacob Lagacé (Healthy)
James Livingstone (Healthy), Sami Aittokallio (Healthy)
% Time on Ice - Mustangs
Lines # - Real PCT - Wanted PCT - Time Play
Normal Forward
1 - 35% - 40% - 18:00
2 - 26% - 30% - 13:25
3 - 24% - 20% - 12:25
4 - 15% - 10% - 7:32
Normal Defense
1 - 39% - 40% - 19:58
2 - 32% - 30% - 16:22
3 - 24% - 20% - 12:19
4 - 5% - 10% - 2:43
PP Forward
1 - 58% - 60% - 3:53
2 - 42% - 40% - 2:46
PP Defense
1 - 64% - 60% - 4:15
2 - 36% - 40% - 2:24
PK Forward
1 - 77% - 60% - 1:32
2 - 23% - 40% - 0:27
PK Defense
1 - 52% - 60% - 1:02
2 - 48% - 40% - 0:57
PK3 Forward
1 - 0% - 60%
2 - 0% - 40%
PK3 Defense
1 - 0% - 60%
2 - 0% - 40%
44 Forward
1 - 94% - 60% - 1:04
2 - 6% - 40% - 0:04
44 Defense
1 - 79% - 60% - 0:54
2 - 21% - 40% - 0:14
Last Minute Offensive - 0:00
Last Minute Defensive - 0:00
Total
Forward - 61:08
Defense - 61:08
|
% Time on Ice - Blackdemons
Lines # - Real PCT - Wanted PCT - Time Play
Normal Forward
1 - 32% - 40% - 16:38
2 - 28% - 32% - 14:26
3 - 24% - 20% - 12:19
4 - 16% - 8% - 7:59
Normal Defense
1 - 41% - 45% - 20:52
2 - 31% - 35% - 16:05
3 - 17% - 12% - 8:37
4 - 11% - 8% - 5:48
PP Forward
1 - 52% - 60% - 1:02
2 - 48% - 40% - 0:57
PP Defense
1 - 48% - 60% - 0:57
2 - 52% - 40% - 1:02
PK Forward
1 - 70% - 60% - 4:39
2 - 30% - 40% - 2:00
PK Defense
1 - 62% - 60% - 4:09
2 - 38% - 40% - 2:30
PK3 Forward
1 - 0% - 60%
2 - 0% - 40%
PK3 Defense
1 - 0% - 60%
2 - 0% - 40%
44 Forward
1 - 100% - 60% - 1:08
2 - 0% - 40% - 0:00
44 Defense
1 - 47% - 60% - 0:32
2 - 53% - 40% - 0:36
Last Minute Offensive - 0:00
Last Minute Defensive - 0:00
Total
Forward - 61:08
Defense - 61:08
|
Play by Play
1st period
0:01 of 1st period - Martin Hanzal wins face-off versus Eric Wellwood in neutral zone.
0:26 of 1st period - Keaton Ellerby is hit by Jim O'Brien and loses puck.
2:14 of 1st period - Wrist shot by Marcus Foligno.
2:14 of 1st period - Shot Misses the Net.
2:16 of 1st period - Slapshot by Alexei Marchenko.
2:16 of 1st period - Stopped by Matt Hackett without a rebound.
2:17 of 1st period - Rick Schofield wins face-off versus Martin Hanzal in Blackdemons zone.
2:24 of 1st period - Slapshot by Cameron Gaunce.
2:24 of 1st period - Shot Misses the Net.
2:26 of 1st period - Minor Penalty to Blake Pietila for Hooking.
2:27 of 1st period - Andy McDonald wins face-off versus Riley Sheahan in Blackdemons zone.
2:42 of 1st period - Snap shot by Eric Wellwood.
2:42 of 1st period - Deflect By Josh Jooris.
2:42 of 1st period - Shot Misses the Net.
2:42 of 1st period - Puck is out of play.
2:43 of 1st period - Jim O'Brien wins face-off versus Andy McDonald in Blackdemons zone.
2:58 of 1st period - Keaton Ellerby is hit by Denis Bodrov and loses puck.
3:15 of 1st period - Snap shot by Eric Wellwood.
3:15 of 1st period - Stopped by Matt Hackett with a rebound.
3:40 of 1st period - Icing by Riley Sheahan.
3:41 of 1st period - Jim O'Brien wins face-off versus Andy McDonald in Mustangs zone.
3:50 of 1st period - Snap shot by Andrew Shaw.
3:50 of 1st period - Stopped by Matt Hackett with a rebound.
4:02 of 1st period - Wrist shot by Riley Sheahan.
4:02 of 1st period - Deflect By Josh Jooris.
4:02 of 1st period - Shot Misses the Net.
4:02 of 1st period - Puck is out of play.
4:03 of 1st period - Andy McDonald wins face-off versus Riley Sheahan in Blackdemons zone.
4:26 of 1st period - Penalty to Blake Pietila is over, Blake Pietila is back on ice.
4:50 of 1st period - Wrist shot by Eric Wellwood.
4:50 of 1st period - Stopped by Matt Hackett without a rebound.
4:51 of 1st period - Kyle Rau wins face-off versus Jim O'Brien in Blackdemons zone.
4:58 of 1st period - Snap shot by Mikko Lehtonen.
4:58 of 1st period - Stopped by Peter Mannino with a rebound.
5:38 of 1st period - Snap shot by Scott Timmins.
5:38 of 1st period - Deflect By Francis Paré.
5:38 of 1st period - Stopped by Peter Mannino without a rebound.
5:39 of 1st period - Scott Timmins wins face-off versus Curtis Hamilton in Mustangs zone.
5:40 of 1st period - Snap shot by Keaton Ellerby.
5:40 of 1st period - Stopped by Peter Mannino without a rebound.
5:41 of 1st period - Riley Sheahan wins face-off versus Mackenzie MacEachern in Mustangs zone.
6:01 of 1st period - Eric Wellwood is hit by Max Friberg.
6:21 of 1st period - Snap shot by Ales Kotalik.
6:21 of 1st period - Shot Misses the Net.
7:14 of 1st period - Slapshot by Josh Jooris.
7:14 of 1st period - Shot Misses the Net.
7:18 of 1st period - Snap shot by Eric Wellwood.
7:18 of 1st period - Goal by Eric Wellwood - Mustangs : 1 - Blackdemons : 0.
7:19 of 1st period - Martin Hanzal wins face-off versus Jim O'Brien in neutral zone.
7:44 of 1st period - Riley Sheahan is hit by Noel Acciari and loses puck.
7:55 of 1st period - Wrist shot by Andy McDonald.
7:55 of 1st period - Stopped by Peter Mannino with a rebound.
8:13 of 1st period - Slapshot by Rick Schofield.
8:13 of 1st period - Deflect By Joshua Leivo.
8:13 of 1st period - Stopped by Matt Hackett without a rebound.
8:14 of 1st period - Marcus Foligno wins face-off versus Martin Hanzal in Blackdemons zone.
8:26 of 1st period - Off-side.
8:27 of 1st period - Martin Hanzal wins face-off versus Josh Jooris in neutral zone.
8:29 of 1st period - Off-side.
8:30 of 1st period - Blake Pietila wins face-off versus Riley Sheahan in neutral zone.
8:32 of 1st period - Off-side.
8:33 of 1st period - Josh Jooris wins face-off versus Blake Pietila in neutral zone.
8:48 of 1st period - Wrist shot by Riley Sheahan.
8:48 of 1st period - Shot Misses the Net.
10:05 of 1st period - Minor Penalty to Martin Hanzal for Holding.
10:06 of 1st period - Andy McDonald wins face-off versus Riley Sheahan in Blackdemons zone.
10:43 of 1st period - Andrew Shaw is hit by Keaton Ellerby and loses puck.
12:05 of 1st period - Penalty to Martin Hanzal is over, Martin Hanzal is back on ice.
12:31 of 1st period - Wrist shot by Andrew MacDonald.
12:31 of 1st period - Shot Misses the Net.
12:33 of 1st period - Wrist shot by Mackenzie MacEachern.
12:33 of 1st period - Stopped by Peter Mannino without a rebound.
12:34 of 1st period - Rick Schofield wins face-off versus Scott Timmins in Mustangs zone.
12:59 of 1st period - Denis Bodrov is hit by Kyle Rau and loses puck.
13:08 of 1st period - Slapshot by Cameron Gaunce.
13:08 of 1st period - Shot Blocked by Sergei Plotnikov.
13:19 of 1st period - Wrist shot by Rick Schofield.
13:19 of 1st period - Stopped by Matt Hackett without a rebound.
13:20 of 1st period - Martin Hanzal wins face-off versus Riley Sheahan in Blackdemons zone.
13:27 of 1st period - Slapshot by Keaton Ellerby.
13:27 of 1st period - Stopped by Peter Mannino with a rebound.
13:46 of 1st period - Branko Radivojevic is hit by Andrew Shaw and loses puck.
14:13 of 1st period - Max Friberg is hit by Denis Bodrov and loses puck.
14:57 of 1st period - Snap shot by Francis Paré.
14:57 of 1st period - Stopped by Matt Hackett with a rebound.
15:07 of 1st period - Martin Hanzal is hit by Joshua Leivo and loses puck.
15:39 of 1st period - Brady Skjei is hit by Noel Acciari and loses puck.
15:46 of 1st period - Calvin de Haan is hit by Josh Jooris.
15:54 of 1st period - Snap shot by Josh Jooris.
15:54 of 1st period - Shot Misses the Net.
15:56 of 1st period - Slapshot by Mark Pysyk.
15:56 of 1st period - Stopped by Matt Hackett with a rebound.
16:18 of 1st period - Icing by Brady Skjei.
16:19 of 1st period - Riley Sheahan wins face-off versus Scott Timmins in Mustangs zone.
17:08 of 1st period - Cameron Gaunce is hit by Noel Acciari.
17:14 of 1st period - Branko Radivojevic is hit by Denis Bodrov and loses puck.
17:37 of 1st period - Denis Bodrov is hit by Calvin de Haan.
19:04 of 1st period - Snap shot by Martin Hanzal.
19:04 of 1st period - Deflect By Ales Kotalik.
19:04 of 1st period - Stopped by Peter Mannino with a rebound.
19:24 of 1st period - Sergei Plotnikov is hit by Cameron Gaunce.
19:36 of 1st period - Jim O'Brien is hit by Noel Acciari and loses puck.
19:47 of 1st period - Branko Radivojevic is hit by Jim O'Brien and loses puck.
Goals for this period are 1 for Mustangs vs 0 for Blackdemons.
Shots for this period are 9 for Mustangs vs 7 for Blackdemons.
2nd period
0:01 of 2nd period - Martin Hanzal wins face-off versus Riley Sheahan in neutral zone.
0:14 of 2nd period - Snap shot by Josh Jooris.
0:14 of 2nd period - Stopped by Matt Hackett with a rebound.
1:19 of 2nd period - Slapshot by Denis Bodrov.
1:19 of 2nd period - Shot Blocked by Keaton Ellerby.
1:21 of 2nd period - Wrist shot by Rick Schofield.
1:21 of 2nd period - Stopped by Matt Hackett with a rebound.
1:23 of 2nd period - Wrist shot by Joshua Leivo.
1:23 of 2nd period - Stopped by Matt Hackett with a rebound.
1:25 of 2nd period - Slapshot by Cameron Gaunce.
1:25 of 2nd period - Stopped by Matt Hackett with a rebound.
1:27 of 2nd period - Snap shot by Denis Bodrov.
1:27 of 2nd period - Shot Blocked by Max Friberg.
1:29 of 2nd period - Snap shot by Rick Schofield.
1:29 of 2nd period - Stopped by Matt Hackett without a rebound.
1:30 of 2nd period - Martin Hanzal wins face-off versus Riley Sheahan in Blackdemons zone.
1:39 of 2nd period - Wrist shot by Andrew MacDonald.
1:39 of 2nd period - Stopped by Peter Mannino without a rebound.
1:40 of 2nd period - Riley Sheahan wins face-off versus Ales Kotalik in Mustangs zone.
1:45 of 2nd period - Wrist shot by Ales Kotalik.
1:45 of 2nd period - Shot Misses the Net.
1:47 of 2nd period - Slapshot by Andrew MacDonald.
1:47 of 2nd period - Goal by Andrew MacDonald - Mustangs : 1 - Blackdemons : 1.
1:48 of 2nd period - Martin Hanzal wins face-off versus Riley Sheahan in neutral zone.
2:15 of 2nd period - Snap shot by Mikko Lehtonen.
2:15 of 2nd period - Shot Blocked by Josh Jooris.
2:17 of 2nd period - Snap shot by Kyle Rau.
2:17 of 2nd period - Stopped by Peter Mannino with a rebound.
2:35 of 2nd period - Jim O'Brien is hit by Keaton Ellerby.
3:04 of 2nd period - Slapshot by Blake Pietila.
3:04 of 2nd period - Shot Blocked by Rick Schofield.
3:10 of 2nd period - Wrist shot by Rick Schofield.
3:10 of 2nd period - Stopped by Matt Hackett with a rebound.
4:07 of 2nd period - Wrist shot by Ales Kotalik.
4:07 of 2nd period - Shot Misses the Net.
4:21 of 2nd period - Mark Pysyk is hit by Keaton Ellerby and loses puck.
4:30 of 2nd period - Slapshot by Brady Skjei.
4:30 of 2nd period - Shot Misses the Net.
5:36 of 2nd period - Slapshot by Calvin de Haan.
5:36 of 2nd period - Shot Misses the Net.
5:42 of 2nd period - Snap shot by Rick Schofield.
5:42 of 2nd period - Stopped by Matt Hackett with a rebound.
5:44 of 2nd period - Backhand shot by Rick Schofield.
5:44 of 2nd period - Stopped by Matt Hackett with a rebound.
5:46 of 2nd period - Wrist shot by Mark Pysyk.
5:46 of 2nd period - Shot Misses the Net.
5:48 of 2nd period - Slapshot by Jerome Samson.
5:48 of 2nd period - Stopped by Matt Hackett without a rebound.
5:49 of 2nd period - Riley Sheahan wins face-off versus Martin Hanzal in Blackdemons zone.
5:50 of 2nd period - Snap shot by Eric Wellwood.
5:50 of 2nd period - Stopped by Matt Hackett without a rebound.
5:51 of 2nd period - Martin Hanzal wins face-off versus Riley Sheahan in Blackdemons zone.
6:20 of 2nd period - Wrist shot by Mikko Lehtonen.
6:20 of 2nd period - Shot Misses the Net.
6:54 of 2nd period - Snap shot by Riley Sheahan.
6:54 of 2nd period - Deflect By Mikko Lehtonen.
6:54 of 2nd period - Shot Misses the Net.
6:54 of 2nd period - Puck is out of play.
6:55 of 2nd period - Martin Hanzal wins face-off versus Jim O'Brien in Blackdemons zone.
7:09 of 2nd period - Minor Penalty to Andrew Shaw for Holding.
7:10 of 2nd period - Riley Sheahan wins face-off versus Martin Hanzal in Mustangs zone.
7:26 of 2nd period - Wrist shot by Ales Kotalik.
7:26 of 2nd period - Stopped by Peter Mannino with a rebound.
8:12 of 2nd period - Ales Kotalik is hit by Eric Wellwood and loses puck.
8:19 of 2nd period - Keaton Ellerby is hit by Alexei Marchenko and loses puck.
8:51 of 2nd period - Josh Jooris is hit by Andy McDonald and loses puck.
9:09 of 2nd period - Penalty to Andrew Shaw is over, Andrew Shaw is back on ice.
9:32 of 2nd period - Wrist shot by Mikko Lehtonen.
9:32 of 2nd period - Goal by Mikko Lehtonen - Mustangs : 1 - Blackdemons : 2.
9:33 of 2nd period - Noel Acciari wins face-off versus Josh Jooris in neutral zone.
10:11 of 2nd period - Wrist shot by Eric Wellwood.
10:11 of 2nd period - Stopped by Matt Hackett without a rebound.
10:12 of 2nd period - Martin Hanzal wins face-off versus Jim O'Brien in Blackdemons zone.
10:34 of 2nd period - Icing by Jim O'Brien.
10:35 of 2nd period - Noel Acciari wins face-off versus Rick Schofield in Mustangs zone.
10:38 of 2nd period - Slapshot by Andy McDonald.
10:38 of 2nd period - Shot Blocked by Jerome Samson.
10:44 of 2nd period - Mathew Dumba is hit by Joshua Leivo and loses puck.
10:49 of 2nd period - Wrist shot by Rick Schofield.
10:49 of 2nd period - Shot Misses the Net.
10:51 of 2nd period - Wrist shot by Joshua Leivo.
10:51 of 2nd period - Shot Misses the Net.
11:03 of 2nd period - Slapshot by Keaton Ellerby.
11:03 of 2nd period - Shot Misses the Net.
11:05 of 2nd period - Snap shot by Martin Hanzal.
11:05 of 2nd period - Deflect By Blake Pietila.
11:05 of 2nd period - Shot Blocked by Brady Skjei.
11:05 of 2nd period - Puck is out of play.
11:06 of 2nd period - Riley Sheahan wins face-off versus Martin Hanzal in Mustangs zone.
11:32 of 2nd period - Martin Hanzal is hit by Brady Skjei and loses puck.
11:43 of 2nd period - Slapshot by Martin Hanzal.
11:43 of 2nd period - Deflect By Ales Kotalik.
11:43 of 2nd period - Stopped by Peter Mannino with a rebound.
11:45 of 2nd period - Snap shot by Mathew Dumba.
11:45 of 2nd period - Deflect By Brady Skjei.
11:45 of 2nd period - Stopped by Peter Mannino with a rebound.
11:47 of 2nd period - Slapshot by Keaton Ellerby.
11:47 of 2nd period - Shot Blocked by Rick Schofield.
11:57 of 2nd period - Wrist shot by Ales Kotalik.
11:57 of 2nd period - Deflect By Brady Skjei.
11:57 of 2nd period - Stopped by Peter Mannino without a rebound.
11:58 of 2nd period - Riley Sheahan wins face-off versus Noel Acciari in Mustangs zone.
12:09 of 2nd period - Wrist shot by Andy McDonald.
12:09 of 2nd period - Stopped by Peter Mannino with a rebound.
12:11 of 2nd period - Wrist shot by Noel Acciari.
12:11 of 2nd period - Stopped by Peter Mannino with a rebound.
12:13 of 2nd period - Wrist shot by Andy McDonald.
12:13 of 2nd period - Shot Misses the Net.
12:49 of 2nd period - Calvin de Haan is hit by Andreas Athanasiou and loses puck.
13:02 of 2nd period - Slapshot by Denis Bodrov.
13:02 of 2nd period - Stopped by Matt Hackett without a rebound.
13:03 of 2nd period - Noel Acciari wins face-off versus Rick Schofield in Blackdemons zone.
13:25 of 2nd period - Icing by Keaton Ellerby.
13:26 of 2nd period - Noel Acciari wins face-off versus Riley Sheahan in Blackdemons zone.
14:09 of 2nd period - Minor Penalty to Mikko Lehtonen for Charging.
14:10 of 2nd period - Eric Wellwood wins face-off versus Andy McDonald in Blackdemons zone.
16:06 of 2nd period - Sergei Plotnikov is hit by Denis Bodrov and loses puck.
16:09 of 2nd period - Penalty to Mikko Lehtonen is over, Mikko Lehtonen is back on ice.
16:23 of 2nd period - Snap shot by Scott Timmins.
16:23 of 2nd period - Shot Blocked by Jerome Samson.
16:25 of 2nd period - Slapshot by Calvin de Haan.
16:25 of 2nd period - Stopped by Peter Mannino with a rebound.
16:27 of 2nd period - Slapshot by Mathew Dumba.
16:27 of 2nd period - Stopped by Peter Mannino without a rebound.
16:28 of 2nd period - Curtis Hamilton wins face-off versus Martin Hanzal in Mustangs zone.
16:28 of 2nd period - Curtis Hamilton is hit by Brett Kulak.
16:45 of 2nd period - Minor Penalty to Klas Dahlbeck for High sticking.
16:46 of 2nd period - Andy McDonald wins face-off versus Riley Sheahan in Blackdemons zone.
16:58 of 2nd period - Eric Wellwood is hit by Andrew MacDonald and loses puck.
17:23 of 2nd period - Snap shot by Marcus Foligno.
17:23 of 2nd period - Stopped by Matt Hackett with a rebound.
17:25 of 2nd period - Snap shot by Denis Bodrov.
17:25 of 2nd period - Stopped by Matt Hackett with a rebound.
17:27 of 2nd period - Snap shot by Jim O'Brien.
17:27 of 2nd period - Goal by Jim O'Brien - Mustangs : 2 - Blackdemons : 2.
17:28 of 2nd period - Martin Hanzal wins face-off versus Riley Sheahan in neutral zone.
17:31 of 2nd period - Josh Jooris is hit by Blake Pietila and loses puck.
17:54 of 2nd period - Andrew Shaw is hit by Andrew MacDonald and loses puck.
18:20 of 2nd period - Snap shot by Scott Timmins.
18:20 of 2nd period - Shot Misses the Net.
18:40 of 2nd period - Slapshot by Marcus Foligno.
18:40 of 2nd period - Stopped by Matt Hackett with a rebound.
18:42 of 2nd period - Slapshot by Marcus Foligno.
18:42 of 2nd period - Shot Blocked by Keaton Ellerby.
18:44 of 2nd period - Wrist shot by Jim O'Brien.
18:44 of 2nd period - Shot Blocked by Mikko Lehtonen.
18:46 of 2nd period - Snap shot by Cameron Gaunce.
18:46 of 2nd period - Shot Blocked by Mikko Lehtonen.
18:48 of 2nd period - Snap shot by Marcus Foligno.
18:48 of 2nd period - Stopped by Matt Hackett without a rebound.
18:49 of 2nd period - Martin Hanzal wins face-off versus Riley Sheahan in Blackdemons zone.
Goals for this period are 1 for Mustangs vs 2 for Blackdemons.
Shots for this period are 17 for Mustangs vs 12 for Blackdemons.
3rd period
0:01 of 3rd period - Riley Sheahan wins face-off versus Martin Hanzal in neutral zone.
0:04 of 3rd period - Ales Kotalik is hit by Cameron Gaunce and loses puck.
0:32 of 3rd period - Slapshot by Andy McDonald.
0:32 of 3rd period - Shot Misses the Net.
0:34 of 3rd period - Slapshot by Keaton Ellerby.
0:34 of 3rd period - Stopped by Peter Mannino with a rebound.
0:36 of 3rd period - Wrist shot by Branko Radivojevic.
0:36 of 3rd period - Shot Misses the Net.
0:38 of 3rd period - Slapshot by Mathew Dumba.
0:38 of 3rd period - Stopped by Peter Mannino with a rebound.
0:50 of 3rd period - Slapshot by Denis Bodrov.
0:50 of 3rd period - Shot Blocked by Keaton Ellerby.
0:52 of 3rd period - Snap shot by Denis Bodrov.
0:52 of 3rd period - Stopped by Matt Hackett with a rebound.
0:54 of 3rd period - Wrist shot by Andrew Shaw.
0:54 of 3rd period - Shot Blocked by Keaton Ellerby.
0:56 of 3rd period - Snap shot by Marcus Foligno.
0:56 of 3rd period - Goal by Marcus Foligno - Mustangs : 3 - Blackdemons : 2.
0:57 of 3rd period - Riley Sheahan wins face-off versus Martin Hanzal in neutral zone.
1:22 of 3rd period - Marcus Foligno is hit by Branko Radivojevic and loses puck.
2:09 of 3rd period - Slapshot by Ales Kotalik.
2:09 of 3rd period - Stopped by Peter Mannino without a rebound.
2:10 of 3rd period - Martin Hanzal wins face-off versus Riley Sheahan in Mustangs zone.
2:15 of 3rd period - Wrist shot by Ales Kotalik.
2:15 of 3rd period - Goal by Ales Kotalik - Mustangs : 3 - Blackdemons : 3.
2:16 of 3rd period - Riley Sheahan wins face-off versus Martin Hanzal in neutral zone.
2:19 of 3rd period - Andrew MacDonald is hit by Josh Jooris and loses puck.
2:48 of 3rd period - Wrist shot by Andy McDonald.
2:48 of 3rd period - Stopped by Peter Mannino with a rebound.
2:54 of 3rd period - Slapshot by Denis Bodrov.
2:54 of 3rd period - Deflect By Jim O'Brien.
2:54 of 3rd period - Shot Misses the Net.
2:54 of 3rd period - Puck is out of play.
2:55 of 3rd period - Riley Sheahan wins face-off versus Kyle Rau in Blackdemons zone.
3:22 of 3rd period - Keaton Ellerby is hit by Marcus Foligno and loses puck.
3:33 of 3rd period - Snap shot by Andrew Shaw.
3:33 of 3rd period - Shot Misses the Net.
3:35 of 3rd period - Slapshot by Mark Pysyk.
3:35 of 3rd period - Stopped by Matt Hackett with a rebound.
3:45 of 3rd period - Cameron Gaunce is hit by Calvin de Haan and loses puck.
4:30 of 3rd period - Slapshot by Josh Jooris.
4:30 of 3rd period - Stopped by Matt Hackett with a rebound.
4:32 of 3rd period - Slapshot by Cameron Gaunce.
4:32 of 3rd period - Shot Misses the Net.
4:34 of 3rd period - Snap shot by Josh Jooris.
4:34 of 3rd period - Stopped by Matt Hackett with a rebound.
4:36 of 3rd period - Slapshot by Cameron Gaunce.
4:36 of 3rd period - Deflect By Eric Wellwood.
4:36 of 3rd period - Stopped by Matt Hackett with a rebound.
4:46 of 3rd period - Scott Mayfield is hit by Martin Hanzal and loses puck.
5:09 of 3rd period - Andy McDonald is hit by Francis Paré and loses puck.
5:57 of 3rd period - Snap shot by Eric Wellwood.
5:57 of 3rd period - Shot Blocked by Calvin de Haan.
6:15 of 3rd period - Snap shot by Ales Kotalik.
6:15 of 3rd period - Shot Blocked by Mark Pysyk.
6:31 of 3rd period - Slapshot by Brady Skjei.
6:31 of 3rd period - Shot Misses the Net.
6:33 of 3rd period - Snap shot by Jerome Samson.
6:33 of 3rd period - Shot Misses the Net.
6:35 of 3rd period - Snap shot by Jerome Samson.
6:35 of 3rd period - Shot Misses the Net.
6:37 of 3rd period - Wrist shot by Joshua Leivo.
6:37 of 3rd period - Stopped by Matt Hackett without a rebound.
6:38 of 3rd period - Riley Sheahan wins face-off versus Martin Hanzal in Blackdemons zone.
6:41 of 3rd period - Slapshot by Eric Wellwood.
6:41 of 3rd period - Shot Hit the Post.
6:51 of 3rd period - Snap shot by Martin Hanzal.
6:51 of 3rd period - Goal by Martin Hanzal - Mustangs : 3 - Blackdemons : 4.
6:52 of 3rd period - Riley Sheahan wins face-off versus Blake Pietila in neutral zone.
6:57 of 3rd period - Slapshot by Denis Bodrov.
6:57 of 3rd period - Shot Misses the Net.
8:30 of 3rd period - Wrist shot by Ales Kotalik.
8:30 of 3rd period - Shot Misses the Net.
8:40 of 3rd period - Andy McDonald is hit by Marcus Foligno and loses puck.
8:47 of 3rd period - Marcus Foligno is hit by Branko Radivojevic.
8:59 of 3rd period - Mikko Lehtonen is hit by Rick Schofield and loses puck.
9:06 of 3rd period - Slapshot by Rick Schofield.
9:06 of 3rd period - Stopped by Matt Hackett with a rebound.
9:30 of 3rd period - Slapshot by Brady Skjei.
9:30 of 3rd period - Shot Misses the Net.
9:32 of 3rd period - Wrist shot by Francis Paré.
9:32 of 3rd period - Stopped by Matt Hackett with a rebound.
10:28 of 3rd period - Mikko Lehtonen is hit by Joshua Leivo and loses puck.
11:40 of 3rd period - Snap shot by Martin Hanzal.
11:40 of 3rd period - Shot Misses the Net.
11:42 of 3rd period - Slapshot by Martin Hanzal.
11:42 of 3rd period - Shot Blocked by Brady Skjei.
11:44 of 3rd period - Wrist shot by Martin Hanzal.
11:44 of 3rd period - Deflect By Ales Kotalik.
11:44 of 3rd period - Shot Misses the Net.
11:44 of 3rd period - Puck is out of play.
11:45 of 3rd period - Ales Kotalik wins face-off versus Riley Sheahan in Mustangs zone.
12:10 of 3rd period - Wrist shot by Branko Radivojevic.
12:10 of 3rd period - Stopped by Peter Mannino with a rebound.
13:01 of 3rd period - Slapshot by Riley Sheahan.
13:01 of 3rd period - Goal by Riley Sheahan - Mustangs : 4 - Blackdemons : 4.
13:02 of 3rd period - Riley Sheahan wins face-off versus Martin Hanzal in neutral zone.
13:09 of 3rd period - Slapshot by Mark Pysyk.
13:09 of 3rd period - Shot Misses the Net.
13:56 of 3rd period - Slapshot by Brady Skjei.
13:56 of 3rd period - Shot Blocked by Calvin de Haan.
13:58 of 3rd period - Slapshot by Mark Pysyk.
13:58 of 3rd period - Deflect By Joshua Leivo.
13:58 of 3rd period - Stopped by Matt Hackett with a rebound.
14:20 of 3rd period - Snap shot by Martin Hanzal.
14:20 of 3rd period - Shot Blocked by Josh Jooris.
15:14 of 3rd period - Snap shot by Rick Schofield.
15:14 of 3rd period - Stopped by Matt Hackett with a rebound.
15:34 of 3rd period - Snap shot by Sergei Plotnikov.
15:34 of 3rd period - Stopped by Peter Mannino without a rebound.
15:35 of 3rd period - Martin Hanzal wins face-off versus Riley Sheahan in Mustangs zone.
15:36 of 3rd period - Wrist shot by Ales Kotalik.
15:36 of 3rd period - Shot Misses the Net.
16:34 of 3rd period - Icing by Mathew Dumba.
16:35 of 3rd period - Kyle Rau wins face-off versus Riley Sheahan in Blackdemons zone.
16:35 of 3rd period - Kyle Rau is hit by Eric Wellwood.
16:41 of 3rd period - Mikko Lehtonen is hit by Josh Jooris and loses puck.
17:00 of 3rd period - Snap shot by Keaton Ellerby.
17:00 of 3rd period - Deflect By Rick Schofield.
17:00 of 3rd period - Stopped by Peter Mannino without a rebound.
17:01 of 3rd period - Martin Hanzal wins face-off versus Rick Schofield in Mustangs zone.
17:10 of 3rd period - Slapshot by Ales Kotalik.
17:10 of 3rd period - Shot Misses the Net.
17:26 of 3rd period - Andrew MacDonald is hit by Riley Sheahan and loses puck.
18:09 of 3rd period - Slapshot by Cameron Gaunce.
18:09 of 3rd period - Stopped by Matt Hackett with a rebound.
18:17 of 3rd period - Wrist shot by Ales Kotalik.
18:17 of 3rd period - Shot Misses the Net.
19:38 of 3rd period - Mikko Lehtonen is hit by Alexei Marchenko and loses puck.
Goals for this period are 2 for Mustangs vs 2 for Blackdemons.
Shots for this period are 13 for Mustangs vs 9 for Blackdemons.
Overtime #1
0:01 of 1st overtime period - Riley Sheahan wins face-off versus Andy McDonald in neutral zone.
0:04 of 1st overtime period - Snap shot by Marcus Foligno.
0:04 of 1st overtime period - Shot Hit the Post.
1:08 of 1st overtime period - Snap shot by Martin Hanzal.
1:08 of 1st overtime period - Goal by Martin Hanzal - Mustangs : 4 - Blackdemons : 5.
Goals for this period are 0 for Mustangs vs 1 for Blackdemons.
Shots for this period are 0 for Mustangs vs 1 for Blackdemons.
Back to the Top